3AAA
ELLENBURG FIGHTING DACHSUNDS @ PENNSAUKEN FLYERS
07/03/2041
 
TOP OF THE 1ST
Ellenburg Fighting Dachsunds batting - Pitching for Pennsauken Flyers : LHP Jesse Duncan
Pitching: LHP Jesse Duncan
Batting: RHB Sze Qi 0-0: Ball
1-0: Fly out, F7 (Flyball, 7, EV 84.4 MPH)
Batting: RHB David Alcabú 0-0: Called Strike
0-1: Called Strike
0-2: Ball
1-2: Ball
2-2: Ball
3-2: SINGLE (Flyball, 9S, EV 89.4 MPH)
Batting: RHB Dean Bush 0-0: Ball
David Alcabú steals 2nd base
1-0: Ball
2-0: Called Strike
2-1: Swinging Strike
2-2: Strikes out swinging
Batting: RHB Jesse Garrett 0-0: Called Strike
0-1: Ball
1-1: Called Strike
1-2: Strikes out swinging
Top of the 1st over - 0 runs, 1 hit, 0 errors, 1 left on base; Ellenburg 0 - Pennsauken 0
BOTTOM OF THE 1ST
Pennsauken Flyers batting - Pitching for Ellenburg Fighting Dachsunds : RHP Pedro Huerta
Pitching: RHP Pedro Huerta
Batting: LHB Robert Dawson 0-0: Fly out, F1 (Line Drive, P, EV 63.8 MPH)
Batting: LHB Rafael Barrueco 0-0: Ball
1-0: SINGLE (Groundball, 4D, EV 103.1 MPH)
Batting: RHB Ruby Rhod 0-0: Called Strike
0-1: Foul Ball, location: 2F
0-2: Ball
1-2: Strikes out swinging
Batting: RHB Fu-Kang Cuan 0-0: Ball
Rafael Barrueco steals 2nd base
1-0: Foul Ball, location: 2F
1-1: Ball
2-1: Fly out, F8 (Flyball, 8LS, EV 88.8 MPH)
Bottom of the 1st over - 0 runs, 1 hit, 0 errors, 1 left on base; Ellenburg 0 - Pennsauken 0
TOP OF THE 2ND
Ellenburg Fighting Dachsunds batting - Pitching for Pennsauken Flyers : LHP Jesse Duncan
Batting: LHB Mike Johnstone 0-0: Swinging Strike
0-1: Ball
1-1: Swinging Strike
1-2: Strikes out looking
Batting: RHB Steve Albright 0-0: Foul Ball, location: 2F
0-1: Ball
1-1: Foul Ball, location: 2F
1-2: Ball
2-2: Ground out 1-3 (Groundball, 13S, EV 75.6 MPH)
Batting: LHB Tony Worley 0-0: Called Strike
0-1: Ball
1-1: Foul Ball, location: 2F
1-2: Ball
2-2: Strikes out looking
Top of the 2nd over - 0 runs, 0 hits, 0 errors, 0 left on base; Ellenburg 0 - Pennsauken 0
BOTTOM OF THE 2ND
Pennsauken Flyers batting - Pitching for Ellenburg Fighting Dachsunds : RHP Pedro Huerta
Batting: SHB Robby Patterson 0-0: Ball
1-0: Foul Ball, location: 2F
1-1: Ball
2-1: Ball
3-1: Base on Balls
Batting: RHB Yakamochi Ota 0-0: Ball
1-0: SINGLE (Groundball, 6MD, EV 105.0 MPH)
Robby Patterson to second
Batting: SHB Obke Preesman 0-0: Ball
1-0: Ball
2-0: Fly out, F9 (Flyball, 9S, EV 85.6 MPH)
Batting: LHB Masamune Ueda 0-0: 3-RUN HOME RUN (Flyball, 9LD, EV 105.0 MPH), Distance : 349 ft
Batting: RHB Wilson Mitchell 0-0: Hit by Pitch
Batting: LHB Robert Dawson 0-0: Called Strike
0-1: Ball
1-1: Fielders Choice at 2nd, 4-6 (Groundball, 4S, EV 88.8 MPH)
Batting: LHB Rafael Barrueco 0-0: Ball
1-0: Called Strike
1-1: Ground out 4-3 (Groundball, 4, EV 88.1 MPH)
Bottom of the 2nd over - 3 runs, 2 hits, 0 errors, 1 left on base; Ellenburg 0 - Pennsauken 3
TOP OF THE 3RD
Ellenburg Fighting Dachsunds batting - Pitching for Pennsauken Flyers : LHP Jesse Duncan
Batting: RHB Álex Maroto 0-0: Ball
1-0: Called Strike
1-1: Foul Ball, location: 2F
1-2: Fly out, F7 (Flyball, 7, EV 77.5 MPH)
Batting: LHB Bill O'Halloran 0-0: Ball
1-0: Ball
2-0: DOUBLE (Line Drive, 89D, EV 106.2 MPH)
Batting: RHB Sze Qi 0-0: Ground out 5-3 (Groundball, 56, EV 106.2 MPH)
Batting: RHB David Alcabú 0-0: Ball
1-0: SINGLE (Line Drive, 5D, EV 97.5 MPH)
Bill O'Halloran to third
Runner from 3rd tries for Home, SAFE, no throw by LF
Batting: RHB Dean Bush 0-0: Ball
1-0: Called Strike
1-1: Ball
2-1: Called Strike
2-2: Foul Ball, location: 2F
2-2: Fly out, F5 (Line Drive, 5, EV 68.1 MPH)
Top of the 3rd over - 1 run, 2 hits, 0 errors, 1 left on base; Ellenburg 1 - Pennsauken 3
BOTTOM OF THE 3RD
Pennsauken Flyers batting - Pitching for Ellenburg Fighting Dachsunds : RHP Pedro Huerta
Batting: RHB Ruby Rhod 0-0: Called Strike
0-1: Ball
1-1: Foul Ball, location: 2F
1-2: Foul Ball, location: 2F
1-2: Ball
2-2: Foul Ball, location: 2F
2-2: Fly out, F7 (Line Drive, 7, EV 103.8 MPH)
Batting: RHB Fu-Kang Cuan 0-0: Ground out 5-3 (Groundball, 56S, EV 81.9 MPH)
Batting: SHB Robby Patterson 0-0: Called Strike
0-1: Ball
1-1: Called Strike
1-2: Ball
2-2: Foul Ball, location: 2F
2-2: Foul Ball, location: 2F
2-2: Foul Ball, location: 2F
2-2: Foul Ball, location: 2F
2-2: Strikes out swinging
Bottom of the 3rd over - 0 runs, 0 hits, 0 errors, 0 left on base; Ellenburg 1 - Pennsauken 3
TOP OF THE 4TH
Ellenburg Fighting Dachsunds batting - Pitching for Pennsauken Flyers : LHP Jesse Duncan
Batting: RHB Jesse Garrett 0-0: Swinging Strike
0-1: Ball
1-1: Reached via error on a dropped throw from 2B, E3 (Groundball, 34, EV 83.1 MPH)
Batting: LHB Mike Johnstone 0-0: Ball
1-0: Fly out, F8 (Flyball, 78D, EV 101.9 MPH)
Batting: RHB Steve Albright 0-0: Ball
1-0: Called Strike
1-1: Foul Ball, location: 2F
1-2: Strikes out swinging
Batting: LHB Tony Worley 0-0: Reached on error, E4 (Groundball, 34, EV 76.2 MPH)
Jesse Garrett to third
Batting: RHB Álex Maroto 0-0: Swinging Strike
0-1: Swinging Strike
Passed Ball!
Jesse Garrett scores
Tony Worley to third
0-2: Ball
1-2: Ball
2-2: Foul Ball, location: 2F
2-2: Ball
3-2: Reached on error, E5 (Groundball, 5, EV 98.8 MPH)
Tony Worley scores
Batting: LHB Bill O'Halloran 0-0: Ball
1-0: Foul Ball, location: 2F
1-1: Ball
2-1: Swinging Strike
2-2: Ground out U3 (Groundball, 3, EV 88.1 MPH)
Top of the 4th over - 2 runs, 0 hits, 3 errors, 1 left on base; Ellenburg 3 - Pennsauken 3
BOTTOM OF THE 4TH
Pennsauken Flyers batting - Pitching for Ellenburg Fighting Dachsunds : RHP Pedro Huerta
Batting: RHB Yakamochi Ota 0-0: Ball
1-0: Fly out, F8 (Flyball, 8LM, EV 89.4 MPH)
Batting: SHB Obke Preesman 0-0: Called Strike
0-1: Swinging Strike
0-2: Ball
1-2: Ball
2-2: Strikes out swinging
Batting: LHB Masamune Ueda 0-0: Ball
1-0: Fly out, F8 (Flyball, 8RD, EV 91.2 MPH)
Bottom of the 4th over - 0 runs, 0 hits, 0 errors, 0 left on base; Ellenburg 3 - Pennsauken 3
TOP OF THE 5TH
Ellenburg Fighting Dachsunds batting - Pitching for Pennsauken Flyers : LHP Jesse Duncan
Batting: RHB Sze Qi 0-0: Ball
1-0: Bunt missed!
1-1: Called Strike
1-2: Ball
2-2: Ball
3-2: Fly out, F3 (Flyball, 3DF, EV 90.0 MPH)
Batting: RHB David Alcabú 0-0: Ball
1-0: Ball
2-0: Called Strike
2-1: Called Strike
2-2: Strikes out swinging
Batting: RHB Dean Bush 0-0: Ball
1-0: Ball
2-0: Called Strike
2-1: Ball
3-1: DOUBLE (Line Drive, 5D, EV 96.2 MPH)
Batting: RHB Jesse Garrett 0-0: Ball
1-0: Foul Ball, location: 2F
1-1: Foul Ball, location: 2F
1-2: Fly out, F7 (Line Drive, 7, EV 112.5 MPH)
Top of the 5th over - 0 runs, 1 hit, 0 errors, 1 left on base; Ellenburg 3 - Pennsauken 3
BOTTOM OF THE 5TH
Pennsauken Flyers batting - Pitching for Ellenburg Fighting Dachsunds : RHP Pedro Huerta
Batting: RHB Wilson Mitchell 0-0: Foul Ball, location: 2F
0-1: Ball
1-1: SOLO HOME RUN (Line Drive, 78XD, EV 109.4 MPH), Distance : 391 ft
Batting: LHB Robert Dawson 0-0: Foul Ball, location: 2F
0-1: Ground out 4-3 (Groundball, 4, EV 84.4 MPH)
Batting: LHB Rafael Barrueco 0-0: Called Strike
0-1: Ground out 3-1 (Groundball, 34S, EV 65.6 MPH)
Batting: RHB Ruby Rhod 0-0: Ball
1-0: Swinging Strike
1-1: Swinging Strike
1-2: Fly out, F6 (Line Drive, 6, EV 67.5 MPH)
Bottom of the 5th over - 1 run, 1 hit, 0 errors, 0 left on base; Ellenburg 3 - Pennsauken 4
TOP OF THE 6TH
Ellenburg Fighting Dachsunds batting - Pitching for Pennsauken Flyers : LHP Jesse Duncan
Batting: LHB Mike Johnstone 0-0: Ball
1-0: Called Strike
1-1: Ball
2-1: Called Strike
2-2: Strikes out swinging
Batting: RHB Steve Albright 0-0: Ground out 1-3 (Groundball, 15S, EV 60.6 MPH)
Batting: LHB Tony Worley 0-0: Fly out, F8 (Flyball, 8LM, EV 93.8 MPH)
Top of the 6th over - 0 runs, 0 hits, 0 errors, 0 left on base; Ellenburg 3 - Pennsauken 4
BOTTOM OF THE 6TH
Pennsauken Flyers batting - Pitching for Ellenburg Fighting Dachsunds : RHP Pedro Huerta
Batting: RHB Fu-Kang Cuan 0-0: SINGLE (Groundball, 6D, EV 96.9 MPH)
Batting: SHB Robby Patterson 0-0: Ball
1-0: Foul Ball, location: 2F
1-1: Ball
2-1: Foul Ball, location: 2F
2-2: Ball
3-2: Base on Balls
Fu-Kang Cuan to second
Batting: RHB Yakamochi Ota 0-0: Called Strike
0-1: Ball
Wild Pitch!
Fu-Kang Cuan to third
Robby Patterson to second
1-1: Fly out, F8 (Line Drive, 8LM, EV 98.1 MPH)
Runner from 3rd tags up, OUT at HOME! 8-2
Robby Patterson to third
Batting: SHB Obke Preesman 0-0: Fly out, F9 (Line Drive, 9, EV 89.4 MPH)
Bottom of the 6th over - 0 runs, 1 hit, 0 errors, 1 left on base; Ellenburg 3 - Pennsauken 4
TOP OF THE 7TH
Ellenburg Fighting Dachsunds batting - Pitching for Pennsauken Flyers : LHP Jesse Duncan
Batting: RHB Álex Maroto 0-0: Ball
1-0: Ball
2-0: Called Strike
2-1: Fly out, F9 (Flyball, 9, EV 90.0 MPH)
Batting: LHB Bill O'Halloran 0-0: Ball
1-0: Foul Ball, location: 2F
1-1: Ball
2-1: Foul Ball, location: 2F
2-2: Ball
3-2: Strikes out swinging
Batting: RHB Sze Qi 0-0: Single, Error in OF, E8, batter to second base (Groundball, 6MD, EV 93.8 MPH)
Pitching: RHP José Salazar
Batting: RHB David Alcabú 0-0: Ball
1-0: Ball
2-0: Ball
3-0: Base on Balls
Batting: RHB Dean Bush 0-0: Swinging Strike
0-1: Ball
1-1: Foul Ball, location: 2F
1-2: Strikes out looking
Top of the 7th over - 0 runs, 1 hit, 1 error, 2 left on base; Ellenburg 3 - Pennsauken 4
BOTTOM OF THE 7TH
Pennsauken Flyers batting - Pitching for Ellenburg Fighting Dachsunds : RHP Pedro Huerta
Batting: LHB Masamune Ueda 0-0: Ground out 5-3 (Groundball, 5L, EV 83.8 MPH)
Batting: RHB Wilson Mitchell 0-0: Called Strike
0-1: Called Strike
0-2: Ball
1-2: SOLO HOME RUN (Flyball, 7D, EV 106.2 MPH), Distance : 374 ft
Pitching: RHP César Albó
Batting: LHB Robert Dawson 0-0: Ground out U3 (Groundball, 34, EV 92.5 MPH)
Batting: LHB Rafael Barrueco 0-0: Ball
1-0: Ball
2-0: Ball
3-0: Called Strike
3-1: SINGLE (Line Drive, 7LS, EV 88.1 MPH)
Batting: RHB Ruby Rhod 0-0: Foul Ball, location: 2F
0-1: Ball
1-1: Ball
2-1: Swinging Strike
2-2: Ball
3-2: Foul Ball, location: 2F
3-2: Foul Ball, location: 2F
3-2: Strikes out swinging
Bottom of the 7th over - 1 run, 2 hits, 0 errors, 1 left on base; Ellenburg 3 - Pennsauken 5
TOP OF THE 8TH
Ellenburg Fighting Dachsunds batting - Pitching for Pennsauken Flyers : RHP José Salazar
Batting: RHB Jesse Garrett 0-0: Ball
1-0: Ball
2-0: Swinging Strike
2-1: Ball
3-1: Foul Ball, location: 2F
3-2: Strikes out looking
Batting: LHB Mike Johnstone 0-0: Foul Ball, location: 2F
0-1: Ball
1-1: SOLO HOME RUN (Flyball, 8LXD, EV 108.8 MPH), Distance : 436 ft
Batting: RHB Steve Albright 0-0: Fly out, F8 (Flyball, 78S, EV 88.8 MPH)
Batting: LHB Tony Worley 0-0: SINGLE (Line Drive, 56, EV 95.6 MPH)
Pinch Hitting: RHB Jorge Japón 0-0: Ball
1-0: Foul Ball, location: 2F
1-1: Ball
2-1: Ball
3-1: Foul Ball, location: 2F
3-2: Foul Ball, location: 2F
3-2: Strikes out swinging
Top of the 8th over - 1 run, 2 hits, 0 errors, 1 left on base; Ellenburg 4 - Pennsauken 5
BOTTOM OF THE 8TH
Pennsauken Flyers batting - Pitching for Ellenburg Fighting Dachsunds : RHP César Albó
Now at 2B: Bob Blough
Batting: RHB Fu-Kang Cuan 0-0: Called Strike
0-1: Called Strike
0-2: Strikes out swinging
Batting: SHB Robby Patterson 0-0: Ball
1-0: Ball
2-0: Swinging Strike
2-1: Foul Ball, location: 2F
2-2: Foul Ball, location: 2F
2-2: Ball
3-2: Fly out, F8 (Flyball, 8LD, EV 101.9 MPH)
Batting: RHB Yakamochi Ota 0-0: Foul Ball, location: 2F
0-1: Fly out, F8 (Flyball, 78D, EV 103.8 MPH)
Bottom of the 8th over - 0 runs, 0 hits, 0 errors, 0 left on base; Ellenburg 4 - Pennsauken 5
TOP OF THE 9TH
Ellenburg Fighting Dachsunds batting - Pitching for Pennsauken Flyers : RHP José Salazar
Pitching: LHP Dale Hamilton
Now in RF: Sasha Orlovsky
Pinch Hitting: RHB Miguel Montés 0-0: Ball
1-0: Called Strike
1-1: Ball
2-1: Ball
3-1: SINGLE (Groundball, 56D, EV 105.0 MPH)
Batting: RHB Sze Qi 0-0: Bunted foul
0-1: Ball
1-1: Bunted foul
1-2: Strikes out looking
Batting: RHB David Alcabú 0-0: Called Strike
0-1: Ball
1-1: Called Strike
1-2: Fly out, F8 (Flyball, 89M, EV 86.2 MPH)
Batting: RHB Dean Bush 0-0: Ball
1-0: Called Strike
1-1: Ground out 4-3 (Groundball, 34, EV 96.9 MPH)
Top of the 9th over - 0 runs, 1 hit, 0 errors, 1 left on base; Ellenburg 4 - Pennsauken 5
Tuesday, January 5th, 2021 - OOTP Baseball 20.8 Build 74